 Dungeon Crawl Stone Soup version 0.18.1-1-g2f07953 (webtiles) character file.

845165 epen the Sensei (level 27, -9/283 HPs)
             Began as a Red Draconian Transmuter on May 7, 2016.
             Was the Champion of Cheibriados.
             Killed from afar by Lom Lobon (34 damage)
             ... with a great icy blast
             ... in Pandemonium.
             The game lasted 04:45:14 (62353 turns).

epen the Sensei (Red Draconian Transmuter)         Turns: 62353, Time: 04:45:20

Health: -9/283     AC: 31    Str: 30      XL:     27
Magic:  3/36       EV: 32    Int: 38 (42) God:    Cheibriados [******]
Gold:   5651       SH: 28    Dex: 25 (26) Spells: 9 memorised, 18 levels left

rFire  + + +     SeeInvis +       - Unarmed
rCold  + . .     Gourm    .     (armour unavailable)
rNeg   + + .     Faith    .     U - +2 shield "Ettefowu" {rF++ rCorr Int+4}
rPois  ∞         Spirit   .     C - +1 hat {SInv}
rElec  +         Dismiss  .     S - +2 cloak
rCorr  +         Reflect  +     (gloves currently unavailable)
SustAt .         Harm     .     (boots currently unavailable)
MR     ++++.     Rnd*Rage +     V - brooch of Shielding {Reflect SH+8}
Stlth  ++........               z - ring "Odudagh" {+Fly rC+ rN+ Str-2 Int+3}
                                p - ring "Xodocazu" {*Corrode rPois rF+ MR++}

@: mighty, exhausted, statue-form, frozen, very slightly contaminated, deflect
missiles, very slow, incredibly resistant to hostile enchantments, unstealthy
A: (breathe fire), unfitting armour, berserk 3, blurry vision 1, clumsy 2,
deterioration 1, dopey 2, fire resistance 1, frail 1, low mp 1, slow
regeneration 1, cold-blooded, subdued magic 3, AC +13
a: End Transformation, Bend Time, Temporal Distortion, Slouch, Step From Time,
Renounce Religion, Evoke Flight
}: 8/15 runes: decaying, serpentine, slimy, silver, abyssal, demonic, magical,
dark


You were in Pandemonium.
You worshipped Cheibriados.
Cheibriados was exalted by your worship.
You were not hungry.
You were a stone statue.
You visited 11 branches of the dungeon, and saw 56 of its levels.
You visited Pandemonium 1 time, and saw 20 of its levels.
You visited the Abyss 2 times.
You also visited: Labyrinth, Ossuary, Ice Cave, Volcano and Wizlab.

You collected 7509 gold pieces.
You spent 1858 gold pieces at shops.

Inventory:

Missiles
 a - 1640 arrows
 A - 7 throwing nets (quivered)
Armour
 t - a +0 pair of boots (melded)
 C - a +1 hat of see invisible (worn)
 I - the +2 pair of gloves "Coj Deng" (melded) {Str+4}
   (You acquired it on level 8 of the Lair of Beasts)

   It affects your strength (+4).
 S - a +2 cloak (worn)
 U - the +2 shield "Ettefowu" (worn) {rF++ rCorr Int+4}
   (You acquired it on level 6 of the Pits of Slime)

   It affects your intelligence (+4).
   It greatly protects you from fire.
   It protects you from acid and corrosion.
Jewellery
 n - the ring of Cunneug Qedgh {Wiz Int+3 Slay+3}
   (You bought it in a shop on level 1 of the Orcish Mines)

   [ring of wizardry]

   It improves your spell success rate.
   It affects your intelligence (+3).
   It affects your accuracy and damage with ranged weapons and melee attacks
   (+3).
 p - the ring "Xodocazu" (left hand) {*Corrode rPois rF+ MR++}
   (You found it on level 3 of the Crypt)

   [ring of poison resistance]

   It protects you from fire.
   It protects you from poison.
   It affects your resistance to hostile enchantments.
   It may corrode you when you take damage.
 z - the ring "Odudagh" (right hand) {+Fly rC+ rN+ Str-2 Int+3}
   (You found it on level 3 of the Elven Halls)

   [ring of flight]

   It affects your strength (-2).
   It affects your intelligence (+3).
   It protects you from cold.
   It protects you from negative energy.
   It lets you fly.
 V - the brooch of Shielding (around neck) {Reflect SH+8}
   (You took it off a frost giant on level 2 of the Depths)

   [amulet of reflection]

   It shields you and reflects attacks.
   It affects your SH (+8).
Wands
 D - a wand of heal wounds (1/9)
 L - a wand of teleportation (5/9)
 M - a wand of digging (10/24)
 N - a wand of teleportation (6/9)
 Q - a wand of disintegration (12/24)
Scrolls
 b - 2 scrolls of enchant armour
 g - 11 scrolls of fog
 h - 22 scrolls of remove curse
 j - 8 scrolls of blinking
 k - 5 scrolls of fear
 l - a scroll of silence
 o - 12 scrolls of immolation
 r - 9 scrolls of recharging
 w - 20 scrolls of teleportation
 x - 9 scrolls of identify
 E - 4 scrolls of magic mapping
 G - a scroll of holy word
 W - 2 scrolls of summoning
 X - 5 scrolls of amnesia
Potions
 d - a potion of magic
 e - 3 potions of invisibility
 i - 26 potions of curing
 s - 11 potions of cancellation
 u - 5 potions of ambrosia
 v - 12 potions of brilliance
 F - 9 potions of agility
 J - a potion of resistance
 O - 2 potions of might
 R - 6 potions of flight
 T - 5 potions of heal wounds
Books
 m - a book of Necromancy

   Spells                             Type                      Level
   a - Pain                           Necromancy                   1
   b - Animate Skeleton               Necromancy                   1
   c - Vampiric Draining              Necromancy                   3
   d - Regeneration                   Charms/Necromancy            3
   e - Animate Dead                   Necromancy                   4
   f - Control Undead                 Necromancy                   4
 K - a book of the Sky

   Spells                             Type                      Level
   a - Summon Lightning Spire         Summoning/Air                4
   b - Airstrike                      Air                          4
   c - Silence                        Hexes/Air                    5
   d - Deflect Missiles               Charms/Air                   6
   e - Conjure Ball Lightning         Conjuration/Air              6
   f - Tornado                        Air                          9
 Z - a book of Envenomations

   Spells                             Type                      Level
   a - Spider Form                    Transmutation/Poison         3
   b - Olgreb's Toxic Radiance        Poison                       4
   c - Alistair's Intoxication        Transmutation/Poison         5
   d - Poisonous Cloud                Conjuration/Poison/Air       6
Miscellaneous
 H - a sack of spiders {used: 2}
 P - a fan of gales
Comestibles
 c - 37 bread rations
 f - 20 fruits
 q - 11 meat rations
 B - 19 beef jerkies
 Y - 2 chunks of flesh


   Skills:
 + Level 19.0 Fighting
 + Level 18.3 Dodging
 - Level 2.2 Stealth
 + Level 19.0 Shields
 + Level 23.2 Unarmed Combat
 - Level 13.4 Spellcasting
 - Level 6.8 Charms
 - Level 2.4 Translocations
 - Level 15.7 Transmutations
 * Level 14.6 Air Magic
 - Level 11.2 Earth Magic
 - Level 19.1 Invocations
 + Level 17.3 Evocations


You had 18 spell levels left.
You knew the following spells:

 Your Spells              Type           Power        Failure   Level  Hunger
a - Blink                 Tloc           N/A          1%          2    None
b - Sticks to Snakes      Trmt           ######..     0%          2    None
c - Statue Form           Trmt/Erth      ######...    1%          6    ##.....
d - Blade Hands           Trmt           ######....   0%          5    None
e - Apportation           Tloc           ###.......   1%          1    None
f - Dragon Form           Trmt           ######....   1%          7    ####...
g - Repel Missiles        Chrm/Air       ######       0%          2    None
h - Regeneration          Chrm/Necr      ####......   1%          3    None
i - Deflect Missiles      Chrm/Air       ######....   1%          6    ##.....


Dungeon Overview and Level Annotations

Branches:
Dungeon (15/15)            Temple (1/1) D:4            Lair (8/8) D:11
  Swamp (4/4) Lair:3        Snake (4/4) Lair:5        Slime (6/6) Lair:7
    Orc (2/2) D:12            Elf (3/3) Orc:2        Vaults (5/5) D:13
  Crypt (3/3) Vaults:3       Tomb (0/3) Crypt:3      Depths (5/5) D:15
    Zot (0/5) Depths:5

Altars:
Ashenzari
Cheibriados
Dithmenos
Elyvilon
Fedhas
Gozag
Kikubaaqudgha
Makhleb
Nemelex Xobeh
Okawaru
Pakellas
Qazlal
Ru
Sif Muna
Trog
Vehumet
Xom
Yredelemnul
Zin
The Shining One
Beogh

Shops:
D:8 *   D:15 *   Orc:1 =}   Orc:2 (*:*   Snake:1 (   Vaults:1 [   Vaults:5 ===
Depths:3 *

Portals:
Hell: Depths:1 Depths:2 Depths:3 Depths:4 Depths:5
Abyss: Depths:1 Depths:4 Depths:5
Pandemonium: Depths:1 Depths:3
Ziggurat: Depths:1
Trove: Depths:4 (give +3 storm dragon armour)

Annotations:
D:9 exclusion: 3 oklob plants
Elf:2 3 runed doors
Pan Lom Lobon


Innate Abilities, Weirdness & Mutations

((You can breathe blasts of fire.))
((Your fiery red scales are hard (AC +13).))
Your body does not fit into most forms of armour.
Your flesh is heat resistant.
You are cold-blooded and may be slowed by cold attacks.
You have an uncontrollable temper.
Scrolls take you a little longer to read.
You are very clumsy. (Dex -4)
Your body sometimes deteriorates upon taking damage.
You are very dopey. (Int -4)
You are frail (-10% HP).
Your magical capacity is low (-10% MP).
You regenerate slowly when monsters are visible.
Your spells are much easier to cast, but much less powerful.


Message History

You feel a little less agile now.
Evoke which item? (* to show all) (? for menu, Esc to quit)
Zapping:
D - a wand of heal wounds (2/9)
Press: ? - help, Shift-Dir - straight line, f - you You feel much better.
This wand has 1 charge left.
Your surroundings suddenly seem different.
Lom Lobon gestures at you.
Lom Lobon conjures a mighty blast of ice!
The great icy blast engulfs you! You partially resist.
* * * LOW HITPOINT WARNING * * *
Your body deteriorates!
You feel clumsy.
You are encased in ice.
Read which item? (? for menu, Esc to quit)
Really read with blurry vision while enemies are nearby?
You are engulfed in freezing vapours.
You resist.
* * * LOW HITPOINT WARNING * * *
You hear a clap of thunder!
Lom Lobon gestures at you.
Lom Lobon conjures a mighty blast of ice!
The great icy blast engulfs you! You partially resist.
You die...

##.......§.......
##≈...§..§§§).....
##≈≈.....§§§.......
#≈≈≈≈..§#######....
#§§§§#§.#.....####.
#§§###§&§§.......##
#≈§##§§§§§.§§.......
#≈##§§§§§§§§........
###8§§§§..§§§.......
#§§§§§............
#§§§§§............
#§§§§§............
##................
#...............
##...........##
###......###
########


You could see Lom Lobon.

Vanquished Creatures
  the Royal Jelly (Slime:6)
  Gloorx Vloq (Pan)
  An ancient lich (Crypt:3)
  Khufu (Crypt:2)
  Mennas (Vaults:3)
  Mara (Vaults:5)
  A juggernaut (Depths:3)
  2 greater mummies (Crypt:2)
  7 pandemonium lords (Pan)
  Boris (Vaults:5)
  Sojobo (Depths:3)
  Vashnia (Snake:4)
  the Lernaean hydra (Swamp:4)
  Norris (Vaults:1)
  Saint Roka (Orc:2)
  Margery (Vaults:5)
  A caustic shrike (Depths:5)
  9 golden dragons
  An iron giant (Depths:2)
  3 Tzitzimimeh (Pan)
  2 bone dragons (Crypt:3)
  Xtahua (Vaults:2)
  12 Brimstone Fiends (Pan)
  Jorgrun (Swamp:4)
  A moon troll (WizLab)
  6 tentacled monstrosities
  4 Ice Fiends (Pan)
  2 Hell Sentinels (Pan)
  Asterion (Snake:1)
  3 titans (Vaults:5)
  20 acid blobs
  7 sphinxes
  2 deep elf blademasters (Elf:3)
  2 deep elf master archers (Elf:3)
  9 liches
  13 tentacled starspawn
  28 Executioners
  3 thorn hunters (Swamp:4)
  7 tengu reavers
  10 ancient champions
  3 shadow dragons
  3 storm dragons
  2 revenants
  3 deep elf sorcerers
  A draconian monk (Depths:5)
  4 fire giants
  6 greater nagas
  4 iron dragons
  7 azure jellies
  Louise (Snake:1)
  Aizul (Snake:1)
  2 deep elf elementalists
  10 balrugs
  9 frost giants
  22 vault wardens
  A draconian knight (Depths:5)
  11 cacodemons
  4 curse skulls
  A draconian zealot (Depths:5)
  An angel (Pan)
  2 ghouls
  17 ironheart preservers
  A warmonger (Pan)
  3 draconian annihilators (Pan)
  A caustic shrike skeleton (Crypt:2)
  A war gargoyle (Vaults:1)
  19 very ugly things
  2 reapers
  4 blood saints (Pan)
  29 stone giants
  7 vampire knights
  The ghost of puimuR the Basher, a journeyman TrWr of the Shining One (D:15)
  2 salamander stormcallers
  A corrupter (Pan)
  7 deep elf demonologists
  A yellow draconian (Depths:5)
  8 deep elf annihilators
  12 lorocyprocas
  A red draconian (Depths:5)
  A black draconian (Depths:5)
  A white draconian (Depths:5)
  4 spark wasps (Depths:2)
  3 crystal guardians
  6 black suns (Pan)
  6 deep elf death magi
  12 blizzard demons
  An eidolon (Crypt:1)
  26 ettins
  8 green deaths (Pan)
  A quicksilver dragon zombie (Crypt:1)
  Josephine (Snake:1)
  6 death oozes (Slime:6)
  A minotaur (Lab)
  16 ogre magi
  6 deep elf high priests
  19 yaktaur captains
  13 great orbs of eyes
  4 jiangshi (Crypt:2)
  25 hydras
  10 rakshasas
  13 fire dragons
  10 ice dragons
  42 vault guards
  9 entropy weavers
  A ghost crab (shapeshifter) (Vaults:3)
  3 catoblepae
  11 anacondas
  4 quicksilver dragon skeletons
  2 spriggan air magi (Depths:3)
  4 monstrous demonspawn (Pan)
  2 ghost crabs (Swamp:2)
  21 naga warriors
  8 death knights
  A hell beast (Pan)
  15 centaur warriors
  A satyr (shapeshifter) (Vaults:5)
  12 dancing weapons
  A death yak (Lair:8)
  8 deep troll shamans
  4 vampire magi
  9 alligators
  6 tengu warriors
  3 orc high priests
  2 thrashing horrors
  Urug (Orc:2)
  14 deep troll earth magi
  18 hell knights
  19 naga sharpshooters
  A storm dragon zombie (Crypt:1)
  27 sun demons
  A spriggan berserker (Depths:5)
  10 shock serpents
  5 wretched stars
  26 deep elf knights
  12 shadow wraiths
  6 titan skeletons
  An iron troll (Depths:3)
  3 salamander mystics
  A fire crab (Vaults:3)
  37 soul eaters
  2 flayed ghosts (Vaults:3)
  46 skeletal warriors
  An orange crystal statue (WizLab)
  18 giant orange brains
  An unseen horror (shapeshifter) (Vaults:1)
  31 deep trolls
  An anaconda zombie (Crypt:2)
  9 swamp dragons
  9 shadow demons (Pan)
  21 deep elf archers
  8 infernal demonspawn (Pan)
  A gelid demonspawn (Pan)
  4 unseen horrors
  A swamp dragon (shapeshifter) (Elf:1)
  16 phantasmal warriors
  7 naga ritualists
  18 ironbrand convokers
  6 putrid demonspawn (Pan)
  6 spriggan druids
  6 torturous demonspawn (Pan)
  6 wizards
  6 oklob plants
  15 orc knights
  A golden dragon skeleton (Crypt:3)
  6 hill giants
  8 necromancers
  10 mana vipers
  9 wolf spiders
  An anaconda skeleton (Crypt:3)
  7 orc sorcerers
  65 deep elf magi
  A shining eye (Slime:3)
  7 hornets
  4 manticores
  15 salamanders
  3 shadow dragon skeletons
  An iron dragon skeleton (Crypt:3)
  5 cyclopes
  5 griffons
  30 ugly things
  A frost giant skeleton (Pan)
  7 fire giant skeletons
  28 sixfirhies (Pan)
  3 elephants (Lair:6)
  9 eyes of devastation
  3 stone giant skeletons
  26 naga magi
  4 torpor snails (Depths:2)
  An elephant (shapeshifter) (Vaults:4)
  11 guardian serpents
  An eye of devastation (shapeshifter) (Vaults:1)
  37 black mambas
  17 orange demons
  A red draconian zombie (Crypt:2)
  3 toenail golems (Volcano)
  An ice statue (IceCv)
  33 smoke demons
  20 spiny frogs
  20 vault sentinels
  4 dire elephant skeletons
  A gargoyle (D:14)
  2 kobold demonologists
  3 rime drakes
  13 komodo dragons
  42 yaktaurs
  2 hellions (Pan)
  A spriggan skeleton (Depths:3)
  A komodo dragon (shapeshifter) (Vaults:2)
  20 freezing wraiths
  5 ancient zymes
  16 hellwings
  An efreet (D:14)
  2 tormentors (Pan)
  A sea snake zombie (Crypt:3)
  An ice devil (Depths:3)
  5 guardian mummies
  A queen ant zombie (Crypt:1)
  8 red devils (Pan)
  A tengu conjurer (D:14)
  2 catoblepas skeletons
  15 demonic crawlers (Pan)
  A yellow draconian skeleton (Crypt:3)
  9 trolls
  4 jumping spiders
  4 giant leeches
  2 harpy skeletons
  A hydra zombie (Crypt:2)
  A hydra skeleton (Crypt:3)
  A wind drake (shapeshifter) (Vaults:4)
  35 two-headed ogres
  A polar bear (Lair:4)
  A raiju (shapeshifter) (Vaults:2)
  3 boulder beetles
  4 raiju (Abyss:3)
  A boulder beetle (shapeshifter) (Vaults:5)
  57 blink frogs
  A blink frog (shapeshifter) (D:15)
  A fire giant simulacrum (Crypt:1)
  A wolf spider simulacrum (IceCv)
  114 slime creatures
  A frost giant simulacrum (Depths:3)
  A fire dragon zombie (Crypt:2)
  A satyr zombie (Crypt:2)
  A spriggan (shapeshifter) (Vaults:1)
  9 flying skulls (Crypt:3)
  2 fire dragon skeletons (Crypt:3)
  4 air elementals
  A redback (shapeshifter) (Depths:4)
  An ettin skeleton (Crypt:3)
  2 shadows
  3 wyverns
  An alligator skeleton (Crypt:3)
  14 water elementals
  An ice dragon skeleton (Pan)
  21 redbacks
  3 fire bats (D:10)
  5 tarantellas
  A wyvern (shapeshifter) (Depths:3)
  43 yaks
  17 spriggans
  A tarantella (shapeshifter) (Depths:3)
  17 wraiths
  A vampire (D:13)
  A basilisk (shapeshifter) (Abyss:3)
  A hog (shapeshifter) (Depths:2)
  9 ynoxinuls
  6 humans (Volcano)
  10 basilisks
  15 neqoxecs
  A yaktaur simulacrum (Vaults:2)
  A hippogriff (shapeshifter) (Abyss:3)
  Grum (D:9)
  15 golden eyes
  11 hippogriffs
  A steam dragon (D:12)
  44 vampire mosquitoes
  20 chaos spawn
  Menkaure (D:4)
  43 large abominations
  4 mottled dragons
  24 swamp worms
  A swamp worm (shapeshifter) (Vaults:5)
  73 nagas
  A soldier ant (shapeshifter) (Depths:1)
  8 wargs
  2 hell hounds
  An infernal demonspawn zombie (Crypt:2)
  5 insubstantial wisps (Swamp:1)
  The ghost of epen the Ruffian, an amateur VSMo (D:4)
  2 soldier ants
  18 water moccasins
  2 giant eyeballs (Abyss:3)
  A giant eyeball (shapeshifter) (Depths:2)
  3 porcupines
  52 orc warriors
  17 swamp drakes
  A merfolk skeleton (Crypt:3)
  6 ice beasts (IceCv)
  2 black bears
  2 sky beasts
  8 wasps
  A spiny frog skeleton (Crypt:3)
  26 wolves
  7 eyes of draining
  2 eyes of draining (shapeshifter)
  A snapping turtle skeleton (Crypt:3)
  3 phantoms
  A necrophage (D:8)
  47 ogres
  11 boggarts
  25 centaurs
  2 small abominations
  A swamp dragon skeleton (Pan)
  24 crocodiles
  3 big kobolds
  20 giant frogs
  9 earth elementals
  6 scorpions
  2 wyvern skeletons
  A polar bear zombie (Crypt:2)
  12 killer bees
  A warg skeleton (Crypt:1)
  A raiju skeleton (Crypt:3)
  7 wights
  2 howler monkeys
  6 electric eels
  22 bog bodies
  9 crimson imps
  2 lava snakes (D:10)
  19 starcursed masses (WizLab)
  7 centaur zombies
  4 draconian simulacra (IceCv)
  A quasit (Abyss:3)
  3 giant frog zombies
  3 giant frog skeletons
  A human zombie (Crypt:3)
  24 orc priests
  6 centaur skeletons
  A gnoll shaman (D:9)
  7 hounds
  21 jellies
  A basilisk zombie (Lair:4)
  10 iguanas
  29 orc wizards
  3 troll simulacra (IceCv)
  7 worker ants
  A lightning spire (Abyss:3)
  4 spriggan simulacra (IceCv)
  A polar bear simulacrum (IceCv)
  2 wolf simulacra (IceCv)
  A killer bee zombie (Ossuary)
  15 sheep
  4 centaur simulacra (IceCv)
  3 crocodile zombies
  A felid zombie (Crypt:2)
  A sky beast zombie (Crypt:1)
  A naga skeleton (Crypt:1)
  A tengu skeleton (Crypt:3)
  A hound zombie (Ossuary)
  An ogre skeleton (Pan)
  3 hound skeletons
  18 mummies
  2 howler monkey zombies
  5 worker ant zombies
  8 adders
  4 gnolls
  3 naga simulacra (IceCv)
  2 ogre simulacra (IceCv)
  30 river rats
  A swamp drake skeleton (Crypt:3)
  5 shadow imps
  12 white imps (IceCv)
  2 adder zombies (Ossuary)
  4 worms
  2 dart slugs
  A giant gecko (D:8)
  71 orcs
  10 giant cockroaches
  6 goblins
  8 hobgoblins
  23 jackals
  3 quokkas
  A river rat zombie (Crypt:3)
  2 ball pythons
  7 bats
  A dart slug zombie (Crypt:1)
  A giant cockroach zombie (Ossuary)
  4 giant gecko zombies
  7 giant newts
  A goblin zombie (Crypt:2)
  12 kobolds
  A kobold simulacrum (Crypt:1)
  A quokka zombie (Ossuary)
  7 rats
  A briar patch (Swamp:4)
  6 fire vortices
  4 fungi
  A plant (Lair:6)
  11 starspawn tentacles (WizLab)
  A starspawn tentacle segment (WizLab)
3257 creatures vanquished.

Vanquished Creatures (collateral kills)
  2 vault wardens
  A fire giant (Vaults:5)
  A yaktaur captain (Vaults:2)
  4 hydras
  An ogre mage (Orc:1)
  3 death yaks (Lair:4)
  A deep elf knight (Vaults:1)
  Sonja (Lair:4)
  An unseen horror (Vaults:1)
  A swamp dragon (Swamp:4)
  A hill giant (D:11)
  An orc knight (Vaults:5)
  3 elephants (Lair:6)
  A cyclops (Vaults:1)
  4 vault sentinels
  2 black mambas
  A guardian serpent (Snake:1)
  3 komodo dragons
  A centaur skeleton (D:11)
  2 yaktaurs (Vaults:1)
  2 blink frogs
  A basilisk (Lair:4)
  A yak (shapeshifter) (Vaults:2)
  A fire bat (D:10)
  8 yaks
  A hungry ghost (D:9)
  2 hippogriffs
  2 wargs (Orc:1)
  A porcupine (Lair:5)
  6 orc warriors
  A black bear (D:11)
  2 wolves
  4 centaurs
  4 ogres
  2 crocodiles
  A big kobold (D:9)
  A killer bee (D:9)
  A wight (D:10)
  2 electric eels (Lair:4)
  A hound (D:9)
  5 orc wizards
  2 orc priests
  A gnoll shaman (D:10)
  An iguana (D:11)
  A howler monkey zombie (D:9)
  A worker ant zombie (Ossuary)
  3 gnolls (D:10)
  An adder (D:11)
  3 river rats (Lair:4)
  A worm (D:2)
  22 orcs
  7 kobolds
  A fungus (Lair:4)
  A plant (Lair:6)
129 creatures vanquished.

Vanquished Creatures (others)
  A titan (Vaults:5)
  A tengu reaver (Depths:3)
  A fire giant (Vaults:5)
  A frost giant (Depths:3)
  A stone giant (Depths:2)
  A deep elf demonologist (Elf:3)
  A deep elf annihilator (Elf:3)
  An ettin (Vaults:3)
  A vault guard (Vaults:3)
  6 yaktaur captains
  A blizzard demon (Pan)
  A deep elf high priest (Vaults:5)
  An ogre mage (Vaults:3)
  2 naga ritualists (Snake:4)
  2 ironbrand convokers
  A deep elf archer (Vaults:5)
  An ugly thing (Vaults:5)
  An apocalypse crab (Abyss:3)
  A large abomination (Pan)
  12 yaktaurs
  2 red devils (Pan)
  A chaos spawn (Pan)
  An ogre (Depths:1)
  An orc wizard (D:14)
  3 ball lightnings (Pan)
  2 briar patches (Swamp:4)
  A bush (Swamp:4)
  A demonic plant (WizLab)
  3 fire vortices (D:10)
  40 fungi
  5 lost souls
  13 plants
  32 starspawn tentacles
  627 starspawn tentacle segments
  4 withered plants (Ossuary)
774 creatures vanquished.

Grand Total: 4160 creatures vanquished

Notes
Turn   | Place    | Note
--------------------------------------------------------------
     0 | D:1      | epen the Draconian Transmuter began the quest for the Orb.
     0 | D:1      | Reached XP level 1. HP: 16/16 MP: 3/3
    82 | D:1      | Found a shattered altar of Ashenzari.
   231 | D:1      | Reached skill level 1 in Stealth
   263 | D:1      | Reached XP level 2. HP: 23/23 MP: 5/5
   367 | D:1      | Learned a level 2 spell: Sticks to Snakes
  1211 | D:2      | Found a blossoming altar of Fedhas.
  1490 | D:2      | Reached XP level 3. HP: 22/28 MP: 2/6
  1513 | D:2      | Learned a level 3 spell: Spider Form
  2522 | D:2      | Found an iron altar of Okawaru.
  2541 | D:3      | Reached XP level 4. HP: 35/35 MP: 7/7
  2863 | D:3      | Found a bloodstained altar of Trog.
  3003 | D:3      | Reached skill level 4 in Unarmed Combat
  3265 | D:3      | Reached XP level 5. HP: 37/41 MP: 4/8
  3641 | D:4      | Noticed a phantom
  3805 | D:4      | Killed a phantom
  3805 | D:4      | Reached XP level 6. HP: 32/50 MP: 10/10
  4048 | D:4      | Noticed Menkaure
  4048 | D:4      | Noticed epen's ghost (amateur VSMo)
  4152 | D:4      | Killed Menkaure
  4152 | D:4      | Reached skill level 5 in Unarmed Combat
  4152 | D:4      | Your scales start taking on a fiery red colour.
  4152 | D:4      | Reached XP level 7. HP: 31/56 MP: 5/11
  4152 | D:4      | Gained mutation: Your flesh is heat resistant. [Red Draconian growth]
  4234 | D:4      | Killed epen's ghost
  4287 | D:4      | Found a staircase to the Ecumenical Temple.
  4300 | Temple   | Entered the Ecumenical Temple
  4320 | Temple   | Became a worshipper of Cheibriados the Contemplative
  4616 | D:4      | Reached skill level 1 in Invocations
  4974 | D:4      | Reached * piety under Cheibriados
  4974 | D:4      | Reached XP level 8. HP: 52/63 MP: 13/13
  5001 | D:5      | Entered Level 5 of the Dungeon
  5068 | D:5      | Reached skill level 6 in Unarmed Combat
  5582 | D:5      | Reached ** piety under Cheibriados
  5619 | D:5      | Found an opulent altar of Gozag.
  5760 | D:5      | Gained mutation: You are clumsy. (Dex -2) [potion of mutation]
  5760 | D:5      | Gained mutation: You have a pair of small antennae on your head. [potion of mutation]
  5760 | D:5      | Gained mutation: Your muscles are strong. (Str +2) [potion of mutation]
  5809 | D:6      | Reached skill level 5 in Transmutations
  5959 | D:6      | Found a sand-covered staircase.
  5963 | Ossuary  | Entered an ossuary
  6180 | Ossuary  | Learned a level 5 spell: Blade Hands
  6435 | Ossuary  | Reached *** piety under Cheibriados
  6441 | Ossuary  | Reached XP level 9. HP: 57/72 MP: 10/15
  6594 | D:6      | Found a sacrificial altar of Ru.
  6740 | D:6      | Reached skill level 7 in Unarmed Combat
  7112 | D:7      | Found a burning altar of Makhleb.
  7581 | D:7      | Lost mutation: Your muscles are strong. (Str +2) [potion of mutation]
  7581 | D:7      | Gained mutation: Your body sometimes deteriorates upon taking damage. [potion of mutation]
  7581 | D:7      | Gained mutation: You are somewhat resistant to further mutation. [potion of mutation]
  7582 | D:7      | Lost mutation: Your body sometimes deteriorates upon taking damage. [potion of cure mutation]
  7582 | D:7      | Lost mutation: You are clumsy. (Dex -2) [potion of cure mutation]
  7582 | D:7      | Lost mutation: You are somewhat resistant to further mutation. [potion of cure mutation]
  7724 | D:7      | Gained mutation: Your spells are a little easier to cast, but a little less powerful. [mutagenic meat]
  7725 | D:7      | Gained mutation: You occasionally shout uncontrollably at your foes. [mutagenic meat]
  7726 | D:7      | Gained mutation: You are occasionally teleported next to monsters. [mutagenic meat]
  7727 | D:7      | Gained mutation: You can translocate small distances at will. [mutagenic meat]
  7728 | D:7      | Lost mutation: You occasionally shout uncontrollably at your foes. [mutagenic meat]
  7729 | D:7      | Gained mutation: Your magical capacity is low (-10% MP). [mutagenic meat]
  7730 | D:7      | Lost mutation: Your magical capacity is low (-10% MP). [potion of cure mutation]
  7730 | D:7      | Lost mutation: You have a pair of small antennae on your head. [potion of cure mutation]
  7730 | D:7      | Lost mutation: Your spells are a little easier to cast, but a little less powerful. [potion of cure mutation]
  7730 | D:7      | Lost mutation: You can translocate small distances at will. [potion of cure mutation]
  7730 | D:7      | Lost mutation: You are occasionally teleported next to monsters. [potion of cure mutation]
  7857 | D:7      | Reached **** piety under Cheibriados
  7872 | D:7      | Reached skill level 5 in Fighting
  7895 | D:8      | Found Wageajo's Assorted Antiques.
  8445 | D:8      | Found a shimmering altar of Xom.
  8513 | D:8      | Reached skill level 5 in Dodging
  8519 | D:8      | Gained mutation: Your magical capacity is low (-10% MP). [mutagenic meat]
  8520 | D:8      | Gained mutation: You have large cloven feet. [mutagenic meat]
  8521 | D:8      | Gained mutation: Your body sometimes deteriorates upon taking damage. [mutagenic meat]
  8522 | D:8      | Gained mutation: You are dopey. (Int -2) [mutagenic meat]
  8523 | D:8      | Lost mutation: Your body sometimes deteriorates upon taking damage. [potion of cure mutation]
  8523 | D:8      | Lost mutation: You are dopey. (Int -2) [potion of cure mutation]
  8523 | D:8      | Lost mutation: Your magical capacity is low (-10% MP). [potion of cure mutation]
  8523 | D:8      | Lost mutation: You have large cloven feet. [potion of cure mutation]
  8535 | D:8      | Reached skill level 8 in Unarmed Combat
  8701 | D:9      | Noticed an oklob plant
  8752 | D:9      | Noticed an oklob plant
  8787 | D:9      | Reached skill level 5 in Spellcasting
  8787 | D:9      | Reached XP level 10. HP: 81/81 MP: 11/17
  8827 | D:9      | Noticed Grum
  8942 | D:9      | Killed Grum
  8962 | D:9      | Reached ***** piety under Cheibriados
  9324 | D:9      | Noticed an oklob plant
  9375 | D:9      | Reached skill level 5 in Invocations
  9859 | D:10     | Entered Level 10 of the Dungeon
  9875 | D:10     | Reached ****** piety under Cheibriados
  9906 | D:10     | Reached skill level 9 in Unarmed Combat
  9924 | D:10     | Learned a level 2 spell: Blink
 10602 | D:11     | Reached XP level 11. HP: 44/91 MP: 3/19
 10718 | D:11     | Noticed a hill giant
 10723 | D:11     | Killed a hill giant
 10795 | D:11     | Gained mutation: Your spells are a little harder to cast, but a little more powerful. [potion of beneficial mutation]
 10993 | D:11     | Noticed a brown ugly thing
 11001 | D:11     | Killed a green ugly thing
 11007 | D:11     | Killed an unseen horror
 11098 | D:11     | Noticed a red ugly thing
 11167 | D:11     | Killed a red ugly thing
 11255 | D:11     | Found a staircase to the Lair.
 11260 | Lair:1   | Entered Level 1 of the Lair of Beasts
 11418 | Lair:1   | Reached skill level 10 in Unarmed Combat
 11437 | Lair:1   | Learned a level 4 spell: Ice Form
 12077 | Lair:2   | Found a labyrinth entrance.
 12101 | Lab      | Entered a labyrinth
 12246 | Lab      | Noticed a minotaur
 12258 | Lab      | Killed a minotaur
 12258 | Lab      | Reached skill level 10 in Transmutations
 12742 | Lair:2   | Reached XP level 12. HP: 59/101 MP: 21/21
 13118 | Lair:2   | Reached skill level 11 in Unarmed Combat
 13352 | Lair:3   | Gained mutation: Your spells are harder to cast, but more powerful. [potion of beneficial mutation]
 13621 | Lair:3   | Found a staircase to the Swamp.
 14216 | Lair:4   | Noticed a four-headed hydra
 14232 | Lair:4   | Killed a four-headed hydra
 14422 | Lair:4   | Noticed Sonja
 14437 | Lair:4   | Noticed an eight-headed hydra
 14447 | Lair:4   | Killed an eight-headed hydra
 14452 | Lair:4   | Killed Sonja
 14572 | Lair:4   | Identified a scroll of acquirement
 14763 | Lair:4   | Learned a level 7 spell: Dragon Form
 14831 | Lair:4   | Noticed a six-headed hydra
 14843 | Lair:4   | Killed a six-headed hydra
 14843 | Lair:4   | Reached XP level 13. HP: 110/110 MP: 18/24
 15420 | Lair:4   | Reached skill level 12 in Unarmed Combat
 15543 | Lair:5   | Reached skill level 1 in Translocations
 15547 | Lair:5   | Found a staircase to the Snake Pit.
 15669 | Lair:5   | Reached skill level 1 in Shields
 15722 | Lair:5   | Found a dark tunnel.
 15728 | Volcano  | Entered a volcano
 16848 | Snake:1  | Entered Level 1 of the Snake Pit
 17048 | Lair:6   | Learned a level 6 spell: Statue Form
 17201 | Lair:6   | Reached skill level 1 in Earth Magic
 17804 | Lair:7   | Found a frozen archway.
 17826 | Lair:7   | Reached XP level 14. HP: 75/119 MP: 26/26
 17834 | IceCv    | Entered an ice cave
 18369 | IceCv    | Found an ancient bone altar of Kikubaaqudgha.
 18653 | Lair:7   | Learned a level 2 spell: Repel Missiles
 18694 | Lair:7   | Found a staircase to the Slime Pits.
 19292 | Lair:7   | Reached skill level 13 in Unarmed Combat
 19438 | Lair:8   | Entered Level 8 of the Lair of Beasts
 19506 | Lair:8   | Reached skill level 10 in Fighting
 20069 | Lair:8   | Got a pair of transparent gloves
 20080 | Lair:8   | Identified the +2 pair of gloves "Coj Deng" {Str+4} (You acquired it on level 8 of the Lair of Beasts)
 21075 | D:12     | Reached skill level 5 in Earth Magic
 21101 | D:12     | Found a staircase to the Orcish Mines.
 21318 | D:12     | HP: 2/122 [eight-headed hydra (18)]
 21326 | D:12     | Gained mutation: Scrolls take you a little longer to read. [mutagenic glow]
 22337 | D:13     | Reached XP level 15. HP: 127/127 MP: 27/27
 22402 | D:13     | Found a gate to the Vaults.
 24060 | D:15     | Entered Level 15 of the Dungeon
 24068 | D:15     | Found Rajueruo's Assorted Antiques.
 24156 | D:15     | Noticed puimuR's ghost (journeyman TrWr)
 24167 | D:15     | Killed puimuR's ghost
 24762 | D:15     | Reached skill level 10 in Invocations
 24930 | D:15     | Found a staircase to the Depths.
 25095 | Orc:1    | Entered Level 1 of the Orcish Mines
 25104 | Orc:1    | Paralysed by an orc sorcerer for 2 turns
 25211 | Orc:2    | Entered Level 2 of the Orcish Mines
 25217 | Orc:2    | Found Jeruruf's Assorted Antiques.
 25437 | Orc:1    | Paralysed by an orc sorcerer for 2 turns
 25448 | Orc:1    | Found Korot's Gadget Shop.
 25449 | Orc:1    | Found Dom Ruerch's Jewellery Shoppe.
 25608 | Orc:1    | Bought the ring of Cunneug Qedgh {Wiz Int+3 Slay+3} for 894 gold pieces
 25805 | Orc:2    | Bought a potion of curing for 78 gold pieces
 25805 | Orc:2    | Bought a scroll of teleportation for 78 gold pieces
 25944 | Orc:2    | Noticed Saint Roka
 25945 | Orc:2    | Noticed Urug
 26259 | Orc:2    | Killed Saint Roka
 26388 | Orc:2    | Found a roughly hewn altar of Beogh.
 26399 | Orc:2    | Killed Urug
 26401 | Orc:2    | Reached XP level 16. HP: 135/135 MP: 29/29
 26413 | Orc:2    | Found Kaumyla's Antique Weapon Shop.
 26450 | Orc:2    | Found Utamaoj's Antique Armour Shop.
 26508 | Orc:2    | Found a staircase to the Elven Halls.
 26581 | Orc:2    | Found Sogyutos's General Store.
 26587 | Orc:2    | Bought a scroll of magic mapping for 42 gold pieces
 26587 | Orc:2    | Bought a scroll of recharging for 114 gold pieces
 26587 | Orc:2    | Bought a potion of curing for 36 gold pieces
 26600 | Orc:2    | Found Xuaxte's Book Shop.
 26607 | Orc:2    | Bought a book of Necromancy for 480 gold pieces
 26611 | Orc:2    | Learned a level 3 spell: Regeneration
 27015 | Swamp:1  | Entered Level 1 of the Swamp
 27140 | Swamp:1  | Reached skill level 1 in Charms
 27373 | Swamp:1  | Reached skill level 10 in Spellcasting
 29179 | Swamp:4  | Entered Level 4 of the Swamp
 29201 | Swamp:4  | Reached skill level 10 in Dodging
 29335 | Swamp:4  | Noticed a thorn hunter
 29342 | Swamp:4  | Killed a thorn hunter
 29505 | Swamp:4  | Noticed the 27-headed Lernaean hydra
 29519 | Swamp:4  | Killed the 27-headed Lernaean hydra
 29562 | Swamp:4  | Got a decaying rune of Zot
 29611 | Swamp:4  | Got an ancient iron ring
 29614 | Swamp:4  | Identified the ring of Diytsofebb {*Tele rN++ Str+8 Dex-5 SInv} (You found it on level 4 of the Swamp)
 29680 | Swamp:4  | Noticed Jorgrun
 29684 | Swamp:4  | Noticed a thorn hunter
 29689 | Swamp:4  | Killed Jorgrun
 29689 | Swamp:4  | Reached XP level 17. HP: 118/144 MP: 26/31
 29982 | Swamp:4  | Reached skill level 5 in Shields
 30084 | Swamp:4  | Reached skill level 15 in Transmutations
 30423 | Swamp:1  | Reached skill level 10 in Earth Magic
 30660 | Vaults:1 | Entered Level 1 of the Vaults
 30863 | Vaults:1 | Reached skill level 5 in Charms
 31050 | Vaults:1 | Noticed Norris
 31125 | Vaults:1 | Killed Norris
 31139 | Vaults:1 | Reached skill level 14 in Unarmed Combat
 31553 | Vaults:1 | Got a glittering bone amulet
 31765 | Vaults:1 | Reached XP level 18. HP: 105/151 MP: 24/32
 31829 | Vaults:1 | Found Soma Ops's Armour Shop.
 32431 | Vaults:2 | Noticed Xtahua
 32440 | Vaults:2 | Killed Xtahua
 32810 | Vaults:2 | Reached skill level 1 in Air Magic
 33291 | Vaults:2 | Identified the amulet of Nenah {+Rage rPois} (You found it on level 1 of the Vaults)
 34048 | Vaults:3 | Noticed Mennas
 34074 | Vaults:3 | Killed Mennas
 34074 | Vaults:3 | Reached XP level 19. HP: 38/160 MP: 28/34
 34326 | Vaults:3 | Gained mutation: Your tail ends in a poisonous barb. [potion of beneficial mutation]
 34582 | Vaults:3 | Reached skill level 15 in Unarmed Combat
 34673 | Vaults:3 | Reached skill level 5 in Air Magic
 34924 | Vaults:3 | Found a staircase to the Crypt.
 35933 | Vaults:4 | Got a pair of transparent gloves
 35936 | Vaults:4 | Identified the cursed +0 pair of gloves of Hepi {Int+4} (You found it on level 4 of the Vaults)
 36407 | Vaults:4 | Reached XP level 20. HP: 122/170 MP: 24/35
 36429 | Vaults:4 | Got a serpentine marble ring
 36432 | Vaults:4 | Identified the ring of Kemm {*Corrode rElec rC+ MP+9 Str+6} (You found it on level 4 of the Vaults)
 36821 | Snake:1  | Noticed Josephine
 36826 | Snake:1  | Killed Josephine
 36890 | Snake:1  | Found Poli's Weapon Emporium.
 37200 | Snake:1  | Noticed Aizul
 37206 | Snake:1  | Killed Aizul
 37574 | Snake:1  | Noticed Louise
 37583 | Snake:1  | Killed Louise
 38035 | Snake:2  | Noticed Asterion
 38050 | Snake:1  | Killed Asterion
 38067 | Snake:1  | Got a heavily runed shield
 38070 | Snake:1  | Identified the +0 shield "Woasyr" {rCorr Str+2} (You took it off Asterion on level 1 of the Snake Pit)
 38112 | Snake:2  | Reached skill level 16 in Unarmed Combat
 39411 | Snake:4  | Entered Level 4 of the Snake Pit
 39674 | Snake:4  | Reached skill level 10 in Shields
 39947 | Snake:4  | Reached XP level 21. HP: 174/178 MP: 37/37
 39969 | Snake:4  | Noticed Vashnia
 39982 | Snake:4  | Killed Vashnia
 40064 | Snake:4  | Reached skill level 10 in Air Magic
 40121 | Snake:4  | Got a serpentine rune of Zot
 40805 | Elf:1    | Entered Level 1 of the Elven Halls
 41196 | Elf:1    | Found a radiant altar of Vehumet.
 41500 | Elf:1    | Reached skill level 17 in Unarmed Combat
 42013 | Elf:2    | Found a runed gate.
 42226 | Elf:2    | Found a runed gate.
 42226 | Elf:2    | Found a runed gate.
 42470 | Elf:3    | Entered Level 3 of the Elven Halls
 42538 | Elf:3    | Found a magical portal.
 42546 | WizLab   | Entered Lehudib's Moon Base
 42614 | WizLab   | Paralysed by accursed screaming for 1 turns
 42618 | WizLab   | Paralysed by accursed screaming for 1 turns
 42854 | WizLab   | Gained mutation: You are agile. (Dex +2) [potion of beneficial mutation]
 43111 | WizLab   | Reached XP level 22. HP: 188/188 MP: 38/38
 43164 | WizLab   | Gained mutation: You are frail (-10% HP). [a neqoxec]
 43166 | WizLab   | Gained mutation: You expend magic power (3 MP) to strengthen your wands. [a neqoxec]
 43654 | WizLab   | Identified Lehudib's Handbook of Stones and the Voyage
 43892 | Elf:3    | Reached skill level 1 in Evocations
 44348 | Elf:3    | Got a heavily runed zirconium amulet
 44387 | Elf:3    | Identified the amulet "Hiphooraso" {Gourm +Blink rElec} (You took it off a deep elf master archer on level 3 of the Elven Halls)
 44398 | Elf:3    | Got a twitching jade amulet
 44403 | Elf:3    | Identified the amulet of Circularity {Dismiss Int+3} (You took it off a deep elf high priest on level 3 of the Elven Halls)
 44414 | Elf:3    | Identified Sif Muna's Handbook of Confrontation and Evil
 44421 | Elf:3    | Learned a level 5 spell: Warp Weapon
 44546 | Elf:3    | Identified the Papyrus of Dark Transmutation
 44608 | Elf:3    | Got a coiled tin ring
 44718 | Elf:3    | Cast into level 3 of the Abyss (a deep elf demonologist)
 44895 | Abyss:3  | Got an abyssal rune of Zot
 44902 | Abyss:3  | Found a corrupted altar of Lugonu.
 44992 | Elf:3    | Escaped the Abyss
 45413 | Slime:1  | Entered Level 1 of the Pits of Slime
 45611 | Slime:2  | Identified the ring "Odudagh" {+Fly rC+ rN+ Str-2 Int+3} (You found it on level 3 of the Elven Halls)
 45779 | Slime:4  | Reached skill level 18 in Unarmed Combat
 45870 | Slime:5  | Paralysed by a great orb of eyes for 3 turns
 45884 | Slime:6  | Entered Level 6 of the Pits of Slime
 46018 | Slime:6  | Reached skill level 15 in Invocations
 46046 | Slime:6  | Noticed the Royal Jelly
 46059 | Slime:5  | Reached XP level 23. HP: 176/176 MP: 40/40
 46191 | Slime:6  | Killed the Royal Jelly
 46330 | Slime:6  | Got a slimy rune of Zot
 46347 | Slime:6  | Got a pitted wooden ring
 46350 | Slime:6  | Identified the ring of Unuvur {rF+ Str+2} (You found it on level 6 of the Pits of Slime)
 46442 | Slime:6  | Identified Cigotuvi's Papyrus of Mutagenic Evil (You found it on level 6 of the Pits of Slime)
 46462 | Slime:6  | Got a heavily runed shield
 46465 | Slime:6  | Identified the +2 shield "Ettefowu" {rF++ rCorr Int+4} (You acquired it on level 6 of the Pits of Slime)
 46944 | Depths:1 | Entered Level 1 of the Depths
 46944 | Depths:1 | Found a gateway to a ziggurat.
 47010 | Depths:1 | Reached skill level 5 in Evocations
 47132 | Depths:1 | Found a one-way gate to the infinite horrors of the Abyss.
 47215 | Depths:1 | Found a one-way gate leading to the halls of Pandemonium.
 47281 | Depths:1 | Found a snail-covered altar of Cheibriados.
 47297 | Depths:1 | Found a gateway to Hell.
 48154 | Depths:2 | Paralysed by a great orb of eyes for 4 turns
 48166 | Depths:2 | Reached skill level 15 in Fighting
 48308 | Depths:2 | Paralysed by a great orb of eyes for 5 turns
 48360 | Depths:2 | Reached XP level 24. HP: 185/185 MP: 40/40
 48361 | Depths:2 | Found a snail-covered altar of Cheibriados.
 48821 | Depths:3 | Reached skill level 19 in Unarmed Combat
 48829 | Depths:3 | Found Loumneg's General Store.
 48837 | Depths:3 | Bought a scroll of teleportation for 63 gold pieces
 48837 | Depths:3 | Bought a scroll of fear for 73 gold pieces
 48856 | Depths:3 | Noticed Sojobo
 48863 | Depths:3 | Killed Sojobo
 49402 | Depths:3 | Noticed a juggernaut
 49602 | Depths:3 | Killed a juggernaut
 49964 | Depths:4 | Reached skill level 15 in Shields
 50394 | Depths:4 | Found a shattered altar of Ashenzari.
 50532 | Depths:4 | Reached XP level 25. HP: 193/193 MP: 40/40
 50555 | Depths:4 | Found a portal to a secret trove of treasure.
 50795 | Depths:5 | Entered Level 5 of the Depths
 51039 | Depths:5 | Found a glowing golden altar of the Shining One.
 51116 | Depths:5 | Reached skill level 10 in Evocations
 51152 | Depths:5 | Found a gate to the Realm of Zot.
 52025 | Vaults:5 | Entered Level 5 of the Vaults
 52025 | Vaults:5 | Noticed Margery
 52033 | Vaults:5 | Killed Margery
 52033 | Vaults:5 | Reached skill level 20 in Unarmed Combat
 52086 | Vaults:5 | Noticed Mara
 52089 | Vaults:5 | Reached XP level 26. HP: 198/203 MP: 6/40
 52090 | Vaults:5 | Noticed Boris
 52095 | Vaults:5 | Noticed epen's illusion
 52237 | Vaults:5 | Paralysed by a sphinx for 5 turns
 52242 | Vaults:5 | HP: 1/263 [ettin/dire flail (19)]
 53385 | Vaults:5 | Killed Boris
 53573 | Vaults:5 | Got a silver rune of Zot
 53665 | Vaults:5 | Noticed epen's illusion
 53675 | Vaults:5 | Killed Mara
 53675 | Vaults:5 | Reached skill level 15 in Dodging
 53765 | Vaults:5 | Found Vyclicar's Jewellery Shoppe.
 53773 | Vaults:5 | Identified the Tome of Ignition and Ice
 53800 | Vaults:5 | Learned a level 1 spell: Apportation
 53802 | Vaults:5 | Identified the Reference Book on Transmigration
 53886 | Vaults:5 | Found Edissomo's Jewellery Shoppe.
 53921 | Vaults:5 | Found Ommoh's Jewellery Shop.
 53929 | Vaults:5 | Got a flickering platinum ring
 53932 | Vaults:5 | Identified the ring "Gireanor" {AC+6 Str+4} (You found it on level 5 of the Vaults)
 54076 | Crypt:1  | Entered Level 1 of the Crypt
 55260 | Crypt:2  | Noticed Khufu
 55260 | Crypt:2  | Noticed a greater mummy
 55260 | Crypt:2  | Noticed a greater mummy
 55271 | Crypt:2  | Killed Khufu
 55278 | Crypt:2  | Killed a greater mummy
 55282 | Crypt:2  | Killed a greater mummy
 55282 | Crypt:2  | Reached skill level 21 in Unarmed Combat
 55459 | Crypt:2  | Lost mutation: Your tail ends in a poisonous barb. [potion of cure mutation]
 55459 | Crypt:2  | Lost mutation: You are frail (-10% HP). [potion of cure mutation]
 55459 | Crypt:2  | Lost mutation: Your spells are harder to cast, but more powerful. [potion of cure mutation]
 55459 | Crypt:2  | Lost mutation: You expend magic power (3 MP) to strengthen your wands. [potion of cure mutation]
 55836 | Crypt:2  | Reached XP level 27. HP: 235/235 MP: 35/40
 56000 | Crypt:3  | Entered Level 3 of the Crypt
 56337 | Crypt:3  | Found an ancient bone altar of Kikubaaqudgha.
 56553 | Crypt:3  | Noticed an ancient lich
 56559 | Crypt:3  | Killed an ancient lich
 56589 | Crypt:3  | Identified the Grimoire of Evil Rites
 56614 | Crypt:3  | Got a heavily runed bronze ring
 56617 | Crypt:3  | Identified the ring "Xodocazu" {*Corrode rPois rF+ MR++} (You found it on level 3 of the Crypt)
 57065 | Crypt:3  | Found a staircase to the Tomb.
 57499 | Pan      | Entered Pandemonium
 57538 | Pan      | Noticed Zaazawk the pandemonium lord
 57546 | Pan      | Killed Zaazawk the pandemonium lord
 57602 | Pan      | Got a demonic rune of Zot
 57881 | Pan      | Noticed Reva the pandemonium lord
 57887 | Pan      | Killed Reva the pandemonium lord
 57901 | Pan      | Lost mutation: Your spells are a little harder to cast, but a little more powerful. [a neqoxec]
 57948 | Pan      | Noticed Aggogh the pandemonium lord
 57964 | Pan      | Killed Aggogh the pandemonium lord
 58406 | Pan      | Lost mutation: Scrolls take you a little longer to read. [potion of cure mutation]
 58406 | Pan      | Lost mutation: You are agile. (Dex +2) [potion of cure mutation]
 58605 | Pan      | Noticed Afraekk the pandemonium lord
 58618 | Pan      | Killed Afraekk the pandemonium lord
 58618 | Pan      | Reached skill level 15 in Evocations
 58698 | Pan      | Reached skill level 22 in Unarmed Combat
 58918 | Pan      | Noticed Daxix the pandemonium lord
 59019 | Pan      | Killed Daxix the pandemonium lord
 59180 | Pan      | Found an exit through the horrors of the Abyss.
 59203 | Pan      | Noticed Ablofid the pandemonium lord
 59216 | Pan      | Killed Ablofid the pandemonium lord
 59224 | Pan      | Gained mutation: You are clumsy. (Dex -2) [a neqoxec]
 59224 | Pan      | Gained mutation: You are frail (-10% HP). [a neqoxec]
 59237 | Pan      | Gained mutation: Your spells are a little easier to cast, but a little less powerful. [a neqoxec]
 59334 | Pan      | Gained mutation: Your spells are easier to cast, but less powerful. [a cacodemon]
 59424 | Pan      | Gained mutation: You are dopey. (Int -2) [a neqoxec]
 59609 | Pan      | Gained mutation: You are very clumsy. (Dex -4) [a cacodemon]
 59613 | Pan      | Gained mutation: You are very dopey. (Int -4) [a cacodemon]
 59616 | Pan      | Gained mutation: Your magical capacity is low (-10% MP). [a cacodemon]
 59617 | Pan      | Gained mutation: You regenerate slowly when monsters are visible. [a cacodemon]
 59627 | Pan      | Entered the realm of Gloorx Vloq.
 59834 | Pan      | Noticed Gloorx Vloq
 60369 | Pan      | Killed Gloorx Vloq
 60386 | Pan      | Got a dark rune of Zot
 60861 | Pan      | Gained mutation: Your body sometimes deteriorates upon taking damage. [a neqoxec]
 60873 | Pan      | Noticed Ablykisch the pandemonium lord
 60882 | Pan      | Gained mutation: You tend to lose your temper in combat. [a cacodemon]
 60888 | Pan      | Found an exit through the horrors of the Abyss.
 60930 | Pan      | Cast into level 5 of the Abyss (Ablykisch)
 60930 | Abyss:5  | Entered Level 5 of the Abyss
 60934 | Abyss:5  | Found a corrupted altar of Lugonu.
 61118 | Pan      | Escaped the Abyss
 61122 | Pan      | Gained mutation: Your spells are much easier to cast, but much less powerful. [a neqoxec]
 61127 | Pan      | Paralysed by a giant eyeball for 3 turns
 61131 | Pan      | Killed Ablykisch the pandemonium lord
 61131 | Pan      | Reached skill level 23 in Unarmed Combat
 61132 | Pan      | Gained mutation: You often lose your temper in combat. [a cacodemon]
 61340 | Pan      | Gained mutation: You have an uncontrollable temper. [a cacodemon]
 61340 | Pan      | Gained mutation: Scrolls take you a little longer to read. [a cacodemon]
 61406 | Pan      | Learned a level 6 spell: Deflect Missiles
 61765 | Pan      | Found an exit through the horrors of the Abyss.
 61769 | Pan      | Entered the realm of Lom Lobon.
 61925 | Pan      | Found an exit through the horrors of the Abyss.
 62313 | Pan      | Noticed Lom Lobon
 62351 | Pan      | Got a magical rune of Zot
 62353 | Pan      | Killed from afar by Lom Lobon

Skill      XL: |  1  2  3  4  5  6  7  8  9 10 11 12 13 14 15 16 17 18 19 20 21 22 23 24 25 26 27 |
---------------+----------------------------------------------------------------------------------+-----
Stealth        | 1 2 |  2.2
Dodging        | 2 3 4 5 6 7 8 9 10 11 12 13 14 15 18 | 18.3
Unarmed Combat | 4 5 6 8 9 10 11 12 13 14 15 16 17 18 19 20 21 23 | 23.2
Fighting       | 2 3 4 5 6 7 8 9 10 11 12 13 14 15 16 17 19 | 19.0
Spellcasting   | 3 4 5 6 7 8 9 10 11 12 13 | 13.4
Transmutations | 3 4 5 7 8 10 11 12 13 14 15 | 15.7
Invocations    | 1 2 4 5 6 7 8 9 10 11 12 13 14 15 16 17 19 | 19.1
Translocations | 2 |  2.4
Shields        | 2 4 5 7 8 10 11 12 13 15 16 17 19 | 19.0
Earth Magic    | 1 5 8 9 10 11 | 11.2
Charms         | 4 6 |  6.8
Air Magic      | 4 7 9 11 12 13 14 | 14.6
Evocations     | 3 6 9 11 13 17 | 17.3

Action                   |  1- 3 |  4- 6 |  7- 9 | 10-12 | 13-15 | 16-18 | 19-21 | 22-24 | 25-27 || total
-------------------------+-------+-------+-------+-------+-------+-------+-------+-------+-------++-------
Melee: Unarmed           |   163 |   190 |   409 |   521 |  1150 |   936 |  1117 |  1187 |  2155 ||  7828
       Punch             |     5 |     1 |    11 |    38 |    23 |       |       |     1 |       ||    79
       Tailslap          |    20 |    20 |    64 |   119 |   288 |   204 |   233 |   293 |   506 ||  1747
       Kick              |     3 |       |       |       |       |       |       |       |       ||     3
       Headbutt          |     1 |     1 |     2 |       |       |       |       |       |       ||     4
 Cast: Beastly Appendage |     5 |     6 |     3 |       |       |       |       |       |       ||    14
       Sticks to Snakes  |    10 |     9 |     2 |    84 |    26 |    52 |    13 |       |    10 ||   206
       Spider Form       |       |     3 |       |       |       |       |       |       |       ||     3
       Blade Hands       |       |       |    20 |    34 |    35 |       |       |     1 |     2 ||    92
       Ice Form          |       |       |       |     1 |       |       |       |       |       ||     1
       Dragon Form       |       |       |       |       |     7 |       |       |       |       ||     7
       Repel Missiles    |       |       |       |       |     6 |     4 |     4 |     4 |     4 ||    22
       Statue Form       |       |       |       |       |    15 |    74 |    84 |    77 |   154 ||   404
       Regeneration      |       |       |       |       |       |     9 |       |    24 |    75 ||   108
       Blink             |       |       |       |       |       |       |     4 |     4 |     6 ||    14
       Deflect Missiles  |       |       |       |       |       |       |       |       |     2 ||     2
       Apportation       |       |       |       |       |       |       |       |       |     1 ||     1
Invok: Step From Time    |       |       |       |       |     1 |       |       |     1 |     2 ||     4
       Slouch            |       |       |       |       |     5 |     8 |    22 |    32 |    37 ||   104
       Temporal Distorti |       |       |       |       |       |       |       |       |     3 ||     3
 Abil: Breathe Fire      |       |       |    27 |     3 |     7 |       |       |       |       ||    37
       End Transformatio |       |       |       |       |     1 |       |       |       |       ||     1
Evoke: Wand              |       |     7 |       |       |       |     4 |       |     6 |     6 ||    23
       Deck              |       |       |       |       |     1 |       |       |       |       ||     1
       Fan of gales      |       |       |       |       |       |       |       |     1 |       ||     1
       Sack of spiders   |       |       |       |       |       |       |       |       |     3 ||     3
  Use: Scroll            |     3 |       |    21 |    13 |     9 |     6 |     9 |    14 |    12 ||    87
       Potion            |       |       |     9 |     2 |     3 |     2 |     5 |     8 |    11 ||    40
 Stab: Sleeping          |     5 |     4 |     8 |    11 |    16 |     7 |    11 |     1 |     4 ||    67
       Distracted        |     2 |       |     4 |     7 |     7 |     6 |       |     2 |     5 ||    33
       Petrified         |       |       |       |       |       |       |       |     3 |       ||     3
  Eat: Chunk             |     6 |     6 |    24 |    11 |    26 |    30 |    19 |    14 |     7 ||   143
       Fruit             |       |       |     2 |       |     1 |     1 |     1 |       |     1 ||     6
       Meat ration       |       |       |     1 |     2 |     2 |       |       |     2 |     7 ||    14
       Pizza             |       |       |       |       |     1 |       |     3 |     1 |       ||     5
       Royal jelly       |       |       |       |       |       |       |     3 |       |     1 ||     4
       Beef jerky        |       |       |       |       |       |       |       |       |     2 ||     2
Armor: Skin              |    57 |    38 |   114 |   124 |   333 |   597 |   479 |   417 |   640 ||  2799
Dodge: Dodged            |   117 |   100 |   279 |   454 |  1155 |  1492 |  1448 |  1280 |  1880 ||  8205
       Deflected         |       |       |       |       |    17 |    23 |    19 |    36 |    57 ||   152
Block: Buckler           |       |       |       |    15 |   303 |   559 |   280 |       |       ||  1157
       Shield            |       |       |       |       |       |       |   801 |  1373 |  3478 ||  5652
       Reflection        |       |       |       |       |       |       |       |    38 |   146 ||   184
       Other             |       |       |       |       |       |       |       |       |     3 ||     3
